ITL
DETROIT X-WINGS @ WISCONSIN TIMBER RATTLERS
06/07/2025
 
TOP OF THE 1ST
Detroit X-Wings batting - Pitching for Wisconsin Timber Rattlers : LHP Byron Dunn
Pitching: LHP Byron Dunn
Batting: RHB Gary Witt 0-0: Foul Ball, location: 2F
0-1: Called Strike
0-2: Ball
1-2: Ball
2-2: Ball
3-2: Ground out 1-3 (Groundball, 13)
Batting: RHB Enrique Ramírez 0-0: Ball
1-0: Ball
2-0: Foul Ball, location: 2F
2-1: Foul Ball, location: 2F
2-2: Ball
3-2: Foul Ball, location: 2F
3-2: SINGLE (Groundball, 5D) (infield hit)
Batting: LHB Juan Jose Pineda 0-0: Foul Ball, location: 2F
0-1: Swinging Strike
0-2: Ball
1-2: Strikes out looking
Batting: SHB Jaime Montés 0-0: Ball
1-0: Called Strike
1-1: Swinging Strike
1-2: Strikes out looking
Top of the 1st over - 0 run(s), 1 hit(s), 0 error(s), 1 left on base; Detroit 0 - Wisconsin 0
BOTTOM OF THE 1ST
Wisconsin Timber Rattlers batting - Pitching for Detroit X-Wings : RHP Earl McDowell
Pitching: RHP Earl McDowell
Batting: RHB Koin Tanaka 0-0: Fly out, F3 (Popup, 3F)
Batting: RHB Murdoch Norton 0-0: Ball
1-0: Foul Ball, location: 2F
1-1: Fly out, F7 (Flyball, 78XD)
Batting: RHB Alfredo Padilla 0-0: Fly out, F8 (Flyball, 8LD)
Bottom of the 1st over - 0 run(s), 0 hit(s), 0 error(s), 0 left on base; Detroit 0 - Wisconsin 0
TOP OF THE 2ND
Detroit X-Wings batting - Pitching for Wisconsin Timber Rattlers : LHP Byron Dunn
Batting: SHB Felipe Detorres 0-0: Called Strike
0-1: Ball
1-1: Foul Ball, location: 2F
1-2: Strikes out swinging
Batting: RHB Jorge Cora 0-0: Ball
1-0: Foul Ball, location: 2F
1-1: Foul Ball, location: 2F
1-2: Foul Ball, location: 2F
1-2: Fly out, F2 (Popup, 2LF)
Batting: RHB Marcos Valdés 0-0: Ball
1-0: DOUBLE (Line Drive, 7LM)
Batting: RHB Rick Anderson 0-0: Called Strike
0-1: Fly out, F3 (Popup, 23F)
Top of the 2nd over - 0 run(s), 1 hit(s), 0 error(s), 1 left on base; Detroit 0 - Wisconsin 0
BOTTOM OF THE 2ND
Wisconsin Timber Rattlers batting - Pitching for Detroit X-Wings : RHP Earl McDowell
Batting: LHB Aroghetto Dionisotti 0-0: Ball
1-0: DOUBLE (Line Drive, 5L)
Batting: RHB Pablo Gonzáles 0-0: Called Strike
0-1: Ground out 5-3 (Groundball, 56)
Batting: RHB Vicente Vélez 0-0: Foul Ball, location: 2F
0-1: Ball
1-1: Called Strike
Aroghetto Dionisotti is caught stealing 3rd base
1-2: Foul Ball, location: 2F
1-2: Foul Ball, location: 2F
1-2: Ball
2-2: Ball
3-2: Strikes out looking
Bottom of the 2nd over - 0 run(s), 1 hit(s), 0 error(s), 0 left on base; Detroit 0 - Wisconsin 0
TOP OF THE 3RD
Detroit X-Wings batting - Pitching for Wisconsin Timber Rattlers : LHP Byron Dunn
Batting: LHB Gonzalo Trujillo 0-0: Called Strike
0-1: Ball
1-1: SINGLE (Groundball, 3L)
Batting: RHB Gary Witt 0-0: DOUBLE (Line Drive, 5L)
Gonzalo Trujillo to third
Batting: RHB Enrique Ramírez 0-0: Ground out 6-3 (Groundball, 6)
Gonzalo Trujillo scores
Batting: LHB Juan Jose Pineda 0-0: Ball
1-0: Called Strike
1-1: SINGLE (Groundball, 34)
Gary Witt to third
Runner from 3rd tries for Home, SAFE, throw made home
Juan Jose Pineda to second
Batting: SHB Jaime Montés 0-0: Ball
1-0: Ball
2-0: Called Strike
2-1: SINGLE (Groundball, 56D) (infield hit)
Juan Jose Pineda to third
Batting: SHB Felipe Detorres 0-0: SINGLE (Groundball, 6MD)
Juan Jose Pineda scores
Jaime Montés to second
Batting: RHB Jorge Cora 0-0: Called Strike
0-1: Foul Ball, location: 2F
0-2: Ball
1-2: Ball
2-2: Foul Ball, location: 2F
2-2: Foul Ball, location: 2F
2-2: Ball
3-2: Base on Balls
Jaime Montés to third
Felipe Detorres to second
Batting: RHB Marcos Valdés 0-0: Swinging Strike
0-1: Fly out, F3 (Popup, 3F)
Batting: RHB Rick Anderson 0-0: SINGLE (Flyball, 9S)
Jaime Montés scores
Felipe Detorres to third
Jorge Cora to second
Runner from 3rd tries for Home, SAFE, no throw or cutoff
Batting: LHB Gonzalo Trujillo 0-0: Ball
1-0: Called Strike
1-1: Swinging Strike
1-2: Ball
2-2: Foul Ball, location: 2F
2-2: Fly out, F2 (Popup, 2RF)
Top of the 3rd over - 5 run(s), 6 hit(s), 0 error(s), 2 left on base; Detroit 5 - Wisconsin 0
BOTTOM OF THE 3RD
Wisconsin Timber Rattlers batting - Pitching for Detroit X-Wings : RHP Earl McDowell
Batting: RHB António Pérez 0-0: Called Strike
0-1: Called Strike
0-2: Ball
1-2: Ball
2-2: Ball
3-2: Fly out, F8 (Flyball, 8LXD)
Batting: RHB Ulysse Bélisle 0-0: Ground out U3 (Groundball, 3L)
Batting: RHB Joseph Stone 0-0: Fly out, F9 (Flyball, 89D)
Bottom of the 3rd over - 0 run(s), 0 hit(s), 0 error(s), 0 left on base; Detroit 5 - Wisconsin 0
TOP OF THE 4TH
Detroit X-Wings batting - Pitching for Wisconsin Timber Rattlers : LHP Byron Dunn
Batting: RHB Gary Witt 0-0: Called Strike
0-1: Foul Ball, location: 2F
0-2: Fly out, F9 (Flyball, 89S)
Batting: RHB Enrique Ramírez 0-0: Ball
1-0: Fly out, F7 (Flyball, 78D)
Batting: LHB Juan Jose Pineda 0-0: Called Strike
0-1: Ball
1-1: Foul Ball, location: 2F
1-2: Ball
2-2: Foul Ball, location: 2F
2-2: Strikes out swinging
Top of the 4th over - 0 run(s), 0 hit(s), 0 error(s), 0 left on base; Detroit 5 - Wisconsin 0
BOTTOM OF THE 4TH
Wisconsin Timber Rattlers batting - Pitching for Detroit X-Wings : RHP Earl McDowell
Batting: RHB Koin Tanaka 0-0: Called Strike
0-1: Ball
1-1: Ball
2-1: Ball
3-1: SINGLE (Flyball, 9LM)
Batting: RHB Murdoch Norton 0-0: Ball
1-0: Called Strike
1-1: Grounds into double play, 6-4-3 (Groundball, 6)
Batting: RHB Alfredo Padilla 0-0: Ball
1-0: Called Strike
1-1: SINGLE (Flyball, 9LM)
Batting: LHB Aroghetto Dionisotti 0-0: Ball
1-0: Ball
2-0: Called Strike
2-1: SINGLE (Line Drive, 8RS)
Alfredo Padilla to second
Batting: RHB Pablo Gonzáles 0-0: Called Strike
0-1: Ball
1-1: Ground out 5-3 (Groundball, 56S)
Bottom of the 4th over - 0 run(s), 3 hit(s), 0 error(s), 2 left on base; Detroit 5 - Wisconsin 0
TOP OF THE 5TH
Detroit X-Wings batting - Pitching for Wisconsin Timber Rattlers : LHP Byron Dunn
Batting: SHB Jaime Montés 0-0: Ball
1-0: Foul Ball, location: 2F
1-1: Ball
2-1: Foul Ball, location: 2F
2-2: Ground out 6-3 (Groundball, 6M)
Batting: SHB Felipe Detorres 0-0: Ball
1-0: Swinging Strike
1-1: Fly out, F8 (Flyball, 8LD)
Batting: RHB Jorge Cora 0-0: Ball
1-0: Ball
2-0: Ball
3-0: Foul Ball, location: 2F
3-1: Base on Balls
Pitching: RHP Mike Brown
Batting: RHB Marcos Valdés 0-0: Ball
Jorge Cora steals 2nd base
1-0: Ball
2-0: Called Strike
2-1: Ball
3-1: Called Strike
3-2: Strikes out swinging
Top of the 5th over - 0 run(s), 0 hit(s), 0 error(s), 1 left on base; Detroit 5 - Wisconsin 0
BOTTOM OF THE 5TH
Wisconsin Timber Rattlers batting - Pitching for Detroit X-Wings : RHP Earl McDowell
Batting: RHB Vicente Vélez 0-0: Called Strike
0-1: Fly out, F3 (Popup, 3F)
Batting: RHB António Pérez 0-0: Called Strike
0-1: Ball
1-1: Foul Ball, location: 2F
1-2: Strikes out looking
Batting: RHB Ulysse Bélisle 0-0: Foul Ball, location: 2F
0-1: Ground out U3 (Groundball, 3S)
Bottom of the 5th over - 0 run(s), 0 hit(s), 0 error(s), 0 left on base; Detroit 5 - Wisconsin 0
TOP OF THE 6TH
Detroit X-Wings batting - Pitching for Wisconsin Timber Rattlers : RHP Mike Brown
Batting: RHB Rick Anderson 0-0: Ball
1-0: Called Strike
1-1: Ball
2-1: Ball
3-1: Called Strike
3-2: Strikes out swinging
Batting: LHB Gonzalo Trujillo 0-0: Foul Ball, location: 2F
0-1: Ball
1-1: SINGLE (Groundball, 34)
Batting: RHB Gary Witt 0-0: SINGLE (Groundball, 5L)
Gonzalo Trujillo to second
Batting: RHB Enrique Ramírez 0-0: Ball
1-0: Ball
2-0: Called Strike
2-1: Ball
3-1: Called Strike
3-2: Base on Balls
Gonzalo Trujillo to third
Gary Witt to second
Batting: LHB Juan Jose Pineda 0-0: Called Strike
0-1: Ball
1-1: Ball
2-1: Swinging Strike
2-2: Ball
3-2: Strikes out swinging
Pitching: RHP Andy Parker
Batting: SHB Jaime Montés 0-0: Called Strike
0-1: Ball
1-1: Swinging Strike
1-2: Ball
2-2: Foul Ball, location: 2F
2-2: Strikes out swinging
Top of the 6th over - 0 run(s), 2 hit(s), 0 error(s), 3 left on base; Detroit 5 - Wisconsin 0
BOTTOM OF THE 6TH
Wisconsin Timber Rattlers batting - Pitching for Detroit X-Wings : RHP Earl McDowell
Batting: RHB Joseph Stone 0-0: Ball
1-0: Called Strike
1-1: Called Strike
1-2: SINGLE (Line Drive, 89S)
Batting: RHB Koin Tanaka 0-0: Called Strike
0-1: Ball
1-1: Foul Ball, location: 2F
1-2: Strikes out swinging
Batting: RHB Murdoch Norton 0-0: SINGLE (Line Drive, 78S)
Joseph Stone to second
Batting: RHB Alfredo Padilla 0-0: Ball
1-0: Fly out, F8 (Flyball, 8RM)
Batting: LHB Aroghetto Dionisotti 0-0: Called Strike
0-1: Ball
1-1: Foul Ball, location: 2F
1-2: Ball
2-2: Fly out, F4 (Line Drive, 4M)
Bottom of the 6th over - 0 run(s), 2 hit(s), 0 error(s), 2 left on base; Detroit 5 - Wisconsin 0
TOP OF THE 7TH
Detroit X-Wings batting - Pitching for Wisconsin Timber Rattlers : RHP Andy Parker
Batting: SHB Felipe Detorres 0-0: Called Strike
0-1: Fly out, F7 (Flyball, 78M)
Batting: RHB Jorge Cora 0-0: Swinging Strike
0-1: Swinging Strike
0-2: Strikes out swinging
Batting: RHB Marcos Valdés 0-0: Ball
1-0: Swinging Strike
1-1: Called Strike
1-2: Foul Ball, location: 2F
1-2: Strikes out looking
Top of the 7th over - 0 run(s), 0 hit(s), 0 error(s), 0 left on base; Detroit 5 - Wisconsin 0
BOTTOM OF THE 7TH
Wisconsin Timber Rattlers batting - Pitching for Detroit X-Wings : RHP Earl McDowell
Batting: RHB Pablo Gonzáles 0-0: Called Strike
0-1: Ball
1-1: Foul Ball, location: 2F
1-2: Ball
2-2: Strikes out swinging
Batting: RHB Vicente Vélez 0-0: Called Strike
0-1: Called Strike
0-2: Strikes out swinging
Batting: RHB António Pérez 0-0: Ball
1-0: Ball
2-0: Foul Ball, location: 2F
2-1: Swinging Strike
2-2: Foul Ball, location: 2F
2-2: Strikes out swinging
Bottom of the 7th over - 0 run(s), 0 hit(s), 0 error(s), 0 left on base; Detroit 5 - Wisconsin 0
TOP OF THE 8TH
Detroit X-Wings batting - Pitching for Wisconsin Timber Rattlers : RHP Andy Parker
Batting: RHB Rick Anderson 0-0: Ball
1-0: Ball
2-0: SINGLE (Line Drive, 78M)
Batting: LHB Gonzalo Trujillo 0-0: Ball
1-0: Called Strike
1-1: Foul Ball, location: 2F
1-2: Ball
2-2: Foul Ball, location: 2F
2-2: Foul Ball, location: 2F
2-2: Fly out, F9 (Line Drive, 9M)
Batting: RHB Gary Witt 0-0: Ball
1-0: Ball
Rick Anderson steals 2nd base
2-0: Ball
3-0: Called Strike
3-1: Base on Balls
Batting: RHB Enrique Ramírez 0-0: SINGLE (Groundball, 56D)
Rick Anderson to third
Gary Witt to second
Runner from 3rd tries for Home, SAFE, throw made home
Batting: LHB Juan Jose Pineda 0-0: Called Strike
0-1: Ball
1-1: Ball
2-1: Ball
3-1: Swinging Strike
3-2: Foul Ball, location: 2F
3-2: Base on Balls
Gary Witt to third
Enrique Ramírez to second
Batting: SHB Jaime Montés 0-0: Ball
1-0: SINGLE (Line Drive, 4M)
Gary Witt scores
Enrique Ramírez to third
Juan Jose Pineda to second
Batting: SHB Felipe Detorres 0-0: Called Strike
0-1: Swinging Strike
0-2: Ball
1-2: Ball
2-2: Ball
3-2: SINGLE (Line Drive, 4D)
Enrique Ramírez scores
Juan Jose Pineda to third
Jaime Montés to second
Pitching: RHP Richard Hardin
Batting: RHB Jorge Cora 0-0: Called Strike
0-1: Called Strike
0-2: Ball
1-2: Ball
2-2: Strikes out swinging
Batting: RHB Marcos Valdés 0-0: Called Strike
0-1: Ball
1-1: Ball
2-1: Called Strike
2-2: Ball
3-2: Ground out 6-3 (Groundball, 6M)
Top of the 8th over - 3 run(s), 4 hit(s), 0 error(s), 3 left on base; Detroit 8 - Wisconsin 0
BOTTOM OF THE 8TH
Wisconsin Timber Rattlers batting - Pitching for Detroit X-Wings : RHP Earl McDowell
Batting: RHB Ulysse Bélisle 0-0: Ball
1-0: Foul Ball, location: 2F
1-1: Foul Ball, location: 2F
1-2: Ball
2-2: Ball
3-2: SINGLE (Groundball, 56)
Batting: RHB Joseph Stone 0-0: Called Strike
0-1: Ball
Wild Pitch!
Ulysse Bélisle to second
1-1: Ball
2-1: SINGLE (Line Drive, 4MD)
Ulysse Bélisle to third
Batting: RHB Koin Tanaka 0-0: Called Strike
0-1: Fly out, F2 (Popup, 2RF)
Batting: RHB Murdoch Norton 0-0: Foul Ball, location: 2F
0-1: Ball
1-1: DOUBLE (Flyball, 78M)
Ulysse Bélisle scores
Joseph Stone to third
Batting: RHB Alfredo Padilla 0-0: Ground out 6-3 (Groundball, 6M)
Joseph Stone scores
Murdoch Norton to third
Batting: LHB Aroghetto Dionisotti 0-0: Foul Ball, location: 2F
0-1: Foul Ball, location: 2F
0-2: Ball
1-2: Fly out, F8 (Flyball, 8LM)
Bottom of the 8th over - 2 run(s), 3 hit(s), 0 error(s), 1 left on base; Detroit 8 - Wisconsin 2
TOP OF THE 9TH
Detroit X-Wings batting - Pitching for Wisconsin Timber Rattlers : RHP Richard Hardin
Batting: RHB Rick Anderson 0-0: Fly out, F8 (Flyball, 8RM)
Pitching: LHP José García
Batting: LHB Gonzalo Trujillo 0-0: Ball
1-0: Called Strike
1-1: Ball
2-1: Foul Ball, location: 2F
2-2: Hit by Pitch
Batting: RHB Gary Witt 0-0: Called Strike
0-1: Foul Ball, location: 2F
0-2: Strikes out swinging
Batting: RHB Enrique Ramírez 0-0: Ball
1-0: Called Strike
1-1: Ball
2-1: Ball
3-1: Base on Balls
Gonzalo Trujillo to second
Batting: LHB Juan Jose Pineda 0-0: Called Strike
0-1: Ball
1-1: SINGLE (Flyball, 7S)
Gonzalo Trujillo to third
Enrique Ramírez to second
Runner from 3rd tries for Home, SAFE, throw made at trailing runner, SAFE at third!
Batting: SHB Jaime Montés 0-0: Ball
1-0: Ball
2-0: Ball
3-0: Base on Balls
Juan Jose Pineda to second
Batting: SHB Felipe Detorres 0-0: Ball
1-0: Foul Ball, location: 2F
1-1: Ball
2-1: SINGLE (Groundball, 25) (infield hit)
Enrique Ramírez scores
Juan Jose Pineda to third
Jaime Montés to second
Batting: RHB Jorge Cora 0-0: Ball
1-0: Ball
2-0: SINGLE (Line Drive, 4D)
Juan Jose Pineda scores
Jaime Montés to third
Felipe Detorres to second
Runner from 3rd tries for Home, SAFE, throw made home
Felipe Detorres to third
Jorge Cora to second
Pitching: RHP Jonas Malaret
Pinch Hitting: RHB Raúl Canó 0-0: Ball
1-0: Ground out 1-3 (Groundball, 13S)
Top of the 9th over - 4 run(s), 3 hit(s), 0 error(s), 2 left on base; Detroit 12 - Wisconsin 2
BOTTOM OF THE 9TH
Wisconsin Timber Rattlers batting - Pitching for Detroit X-Wings : RHP Earl McDowell
Pitching: RHP Walt Burton
Now at C: Reginaldo Jaconelli
Batting: RHB Pablo Gonzáles 0-0: Foul Ball, location: 2F
0-1: SINGLE (Line Drive, 7S)
Batting: RHB Vicente Vélez
Pinch Hitting: RHB Emílio Carrillo 0-0: Called Strike
0-1: Swinging Strike
0-2: Ball
1-2: Fly out, F9 (Flyball, 9LM)
Batting: RHB António Pérez 0-0: Swinging Strike
0-1: Ball
1-1: Ball
2-1: Swinging Strike
2-2: Ball
3-2: Strikes out swinging
Pablo Gonzáles steals 2nd base
Batter strikes out.
Batting: RHB Ulysse Bélisle 0-0: Fly out, F8 (Flyball, 8RM)
Bottom of the 9th over - 0 run(s), 1 hit(s), 0 error(s), 1 left on base; Detroit 12 - Wisconsin 2
This league is powered by Out of the Park Baseball, the baseball management simulation game for PC, Mac and Linux
Tuesday, August 2nd, 2016 - OOTP Baseball 16.8 Build 38